 Dungeon Crawl Stone Soup version 0.18-a0-844-g9229740 (webtiles) character file.

202 4thArraOfDagon the Cudgeler (level 5, -3/85 HPs)
             Began as an Ogre Hunter on Dec 17, 2015.
             Slain by an orc wizard
             ... wielding a +0 dagger
              (4 damage)
             ... on level 6 of the Dungeon on Dec 18, 2015.
             The game lasted 00:04:21 (579 turns).

4thArraOfDagon the Cudgeler (Ogre Hunter)            Turns: 579, Time: 00:04:22

Health: -3/85      AC:  3    Str: 22    XL:     5   Next: 80%
Magic:  5/5        EV: 10    Int: 11    God:
Gold:   84         SH:  0    Dex: 10    Spells: 0 memorised, 4 levels left

rFire  . . .     SeeInvis .     m - +0 giant club
rCold  . . .     Gourm    .     b - +0 robe
rNeg   . . .     Faith    .     (shield currently unavailable)
rPois  .         Spirit   .     (helmet restricted)
rElec  .         Dismiss  .     (no cloak)
rCorr  .         Reflect  .     (gloves unavailable)
SustAt .         Harm     .     (boots unavailable)
MR     .....                    (no amulet)
Stlth  ..........               (no ring)
                                (no ring)

@: berserking, very quick, not resistant to hostile enchantments, extremely
unstealthy
A: unfitting armour, tough skin 1
a: no special abilities


You were on level 6 of the Dungeon.
You were not hungry.

You visited 1 branch of the dungeon, and saw 6 of its levels.

You collected 84 gold pieces.

Inventory:

Hand Weapons
 m - a +0 giant club (weapon)
Missiles
 c - 5 large rocks (quivered)
 d - 2 throwing nets
Armour
 b - a +0 robe (worn)
Scrolls
 a - a scroll of enchant weapon {unknown}
 e - a scroll of amnesia {unknown}
 h - a scroll of fear {unknown}
 k - a scroll of identify {unknown}
 n - a scroll of random uselessness {unknown}
Potions
 i - a potion of poison {unknown}
 j - a potion of heal wounds {unknown}
 l - a potion of beneficial mutation {unknown}
Comestibles
 f - 2 bread rations


   Skills:
 + Level 5.0 Fighting
 * Level 5.5 Maces & Flails
 - Level 4.0 Throwing
 - Level 1.7 Dodging
 - Level 0.7 Stealth


You had 4 spell levels left.
You didn't know any spells.

Dungeon Overview and Level Annotations

Branches:
Dungeon (6/15)
 Temple: D:4-7

Altars:
Dithmenos
Elyvilon
Yredelemnul


Innate Abilities, Weirdness & Mutations

You are too large for most types of armour.
You have tough skin (AC +1).


Message History

It was a potion of berserk rage.
A red film seems to cover your vision as you go berserk!
You feel yourself moving faster!
You feel mighty!
You hear some strange, mumbled words.
A magic dart appears from out of thin air!
The magic dart hits you!
* * * LOW HITPOINT WARNING * * *
Something hits you.
* * * LOW HITPOINT WARNING * * *
Unknown command.
Unknown command.
You closely miss something. Something hits you but does no damage.
Unknown command.
Unknown command.
You barely miss something. Something hits you but does no damage.
Unknown command.
Unknown command.
Unknown command.
You barely miss something. Something hits you.
You die...

.......#
#......# .
#.....# ..
#.....# ...###
#.....#
...[..##.....#
.............#
#.....F@{.<..#
########.....#
####...#
##.... #....
.... ... ..


You could see a giant frog.

Vanquished Creatures
  An ogre (D:4)
  A scorpion (D:5)
  A hound (D:4)
  An adder (D:3)
  2 worms (D:4)
  A giant gecko (D:3)
  2 ball pythons
  2 goblins (D:1)
  2 hobgoblins
  3 kobolds
  2 quokkas
  2 giant cockroaches
  2 giant newts
  A rat (D:1)
23 creatures vanquished.

Notes
Turn   | Place    | Note
--------------------------------------------------------------
     0 | D:1      | 4thArraOfDagon the Ogre Hunter began the quest for the Orb.
     0 | D:1      | Reached XP level 1. HP: 22/22 MP: 1/1
    65 | D:1      | Reached skill level 1 in Maces & Flails
   108 | D:2      | Reached XP level 2. HP: 18/31 MP: 2/2
   193 | D:3      | Found a shadowy altar of Dithmenos.
   213 | D:3      | Reached XP level 3. HP: 13/37 MP: 3/3
   254 | D:3      | Found a white marble altar of Elyvilon.
   352 | D:4      | Reached XP level 4. HP: 24/48 MP: 4/4
   358 | D:4      | Upgraded the game from 0.18-a0-824-g47fe746 to 0.18-a0-844-g9229740
   363 | D:4      | Found a basalt altar of Yredelemnul.
   420 | D:4      | Noticed an ogre
   422 | D:4      | Killed an ogre
   422 | D:4      | Reached skill level 5 in Maces & Flails
   422 | D:4      | Reached XP level 5. HP: 24/55 MP: 5/5
   484 | D:5      | Entered Level 5 of the Dungeon
   517 | D:5      | Reached skill level 5 in Fighting
   576 | D:6      | HP: 2/85 [something/magic dart (8)]
   579 | D:6      | Slain by an orc wizard

Vault maps used:
D:1:      minmay_arrival_doors, serial_forest, infiniplex_forest_lined_3_way,
          infiniplex_forest_clump_cross, infiniplex_forest_lined_corner,
          infiniplex_forest_clump_small, infiniplex_forest_clump_medium,
          infiniplex_forest_end_1, eino_curves_02
D:2:      grunt_temple_overflow_growth_and_decay, marbit_many_paths
D:3:      lemuel_round_altar, nicolae_dithmenos_through_a_glass_darkly
D:4:      yredelemnul_altar_generic, first_bread
D:5:      grunt_temple_overflow_opulence, st_stairs_5, lexackson_kobold_supper

Action                   |  1- 3 |  4- 6 || total
-------------------------+-------+-------++-------
Melee: Club              |    19 |       ||    19
       Mace              |    10 |     8 ||    18
       Giant club        |       |     4 ||     4
Throw: Large rock        |    23 |     4 ||    27
       Throwing net      |     2 |       ||     2
  Use: Scroll            |       |     1 ||     1
       Potion            |       |     1 ||     1
